 Dungeon Crawl Stone Soup version 0.19-a0-1922-g1e9a4c1 (webtiles) character file.

73 Lochraine the Firebug (level 4, 0/33 HPs)
             Began as a Draconian Fire Elementalist on Oct 24, 2016.
             Hit by a stone thrown by an orc (2 damage)
             ... on level 1 of the Dungeon.
             The game lasted 00:05:35 (2143 turns).

Lochraine the Firebug (Draconian Fire Elementalist) Turns: 2143, Time: 00:05:35

Health: 0/33       AC:  5    Str: 10    XL:     4   Next: 8%
Magic:  2/8        EV: 11    Int: 16    God:
Gold:   50         SH:  3    Dex: 12    Spells: 2 memorised, 5 levels left

rFire  . . .     SeeInvis .     i - +0 dagger
rCold  . . .     Gourm    .     (armour unavailable)
rNeg   . . .     Faith    .     q - +0 buckler
rPois  .         Spirit   .     (helmet restricted)
rElec  .         Reflect  .     (no cloak)
rCorr  .         Harm     .     (no gloves)
MR     .....                    (no boots)
Stlth  ++........               (no amulet)
                                (no ring)
                                (no ring)

@: very slightly contaminated
A: unfitting armour, cold-blooded, AC +5
a: no special abilities


You were on level 1 of the Dungeon.
You were not hungry.

You visited 1 branch of the dungeon, and saw 1 of its levels.

You collected 50 gold pieces.

Inventory:

Hand Weapons
 i - a +0 dagger (weapon)
Armour
 q - a +0 buckler (worn)
Scrolls
 c - a scroll of identify
 h - a scroll of enchant armour {unknown}
 j - a scroll of recharging {unknown}
 k - a scroll of amnesia {unknown}
Potions
 e - a potion of degeneration
 f - a potion of agility
 g - a potion of haste {unknown}
 m - a potion of flight {unknown}
 n - a potion of cancellation {unknown}
 o - a potion of mutation {unknown}
 p - a potion of brilliance {unknown}
Books
 a - a book of Flames

   Spells                             Type                      Level
   a - Flame Tongue                   Conjuration/Fire             1
   b - Throw Flame                    Conjuration/Fire             2
   c - Conjure Flame                  Conjuration/Fire             3
   d - Inner Flame                    Hexes/Fire                   3
   e - Sticky Flame                   Conjuration/Fire             4
   f - Fireball                       Conjuration/Fire             5
Comestibles
 b - a bread ration
 d - a meat ration
 l - a chunk of flesh


   Skills:
 - Level 1.7 Dodging
 - Level 1.7 Stealth
 + Level 2.8 Spellcasting
 + Level 2.4 Conjurations
 + Level 3.7 Fire Magic


You had 5 spell levels left.
You knew the following spells:

 Your Spells              Type           Power        Failure   Level  Hunger
a - Flame Tongue          Conj/Fire      ##...        12%         1    #......
b - Throw Flame           Conj/Fire      ##....       17%         2    ##.....


Dungeon Overview and Level Annotations

Branches:
Dungeon (1/15)

Altars:


Innate Abilities, Weirdness & Mutations

Your plain brown scales are hard. (AC +5)
You cannot fit into any form of body armour.
You are cold-blooded and may be slowed by cold attacks.


Message History

Casting: Flame Tongue
Confirm with . or Enter, or press ? or * to list all spells.
You can't see any susceptible monsters within range! (Use Z to cast anyway.)
Casting: Flame Tongue
Confirm with . or Enter, or press ? or * to list all spells.
Aiming: Flame Tongue
Press: ? - help, Shift-Dir - straight line The flame tongue hits something.
Reactivating autopickup.
You have reached level 4!
You feel agile.
You feel a bit more experienced.
As you read the scroll labeled XOERIRCH EMNE, it crumbles to dust.
It is a scroll of identify.
e - a potion of degeneration
As you read the scroll of identify, it crumbles to dust.
f - a potion of agility The orc throws a stone.
The stone barely misses you.
The orc throws a stone.
The stone hits you.
You die...

##########.## ............#
##############
#.#..#####..#####............#
#.>..............(...........#
#....#####..#..##.########...#
#...........#.....#..........#
#...........#.#####)######(..#
........#...#.#####o# #...#
##...#......#...@(..# #...####
.....#..#.#....###..# #......#
.....#.#............######.#....#
.....#.....................#...o#
..............###########.......#
...#.......####.........####....'
...####.#.##...............##...#
..........#......⌠...⌠......#..##
#######[###...⌠.........⌠...##...


You could see an orc.

Vanquished Creatures
  An orc wizard (D:1)
  A gnoll (D:1)
  A leopard gecko (D:1)
  2 ball pythons (D:1)
  6 bats (D:1)
  A giant cockroach (D:1)
  4 goblins (D:1)
  4 hobgoblins (D:1)
  A frilled lizard (D:1)
  9 kobolds (D:1)
  2 rats (D:1)
32 creatures vanquished.

Notes
Turn   | Place    | Note
-------+----------+-------------------------------------------
     0 | D:1      | Lochraine the Draconian Fire Elementalist began the quest for the Orb.
     0 | D:1      | Reached XP level 1. HP: 14/14 MP: 3/3
   669 | D:1      | Reached XP level 2. HP: 13/20 MP: 0/5
   795 | D:1      | Learned a level 2 spell: Throw Flame
  1127 | D:1      | Reached XP level 3. HP: 26/26 MP: 1/6
  2137 | D:1      | HP: 1/26 [something/puff of flame (6)]
  2138 | D:1      | Reached XP level 4. HP: 1/33 MP: 1/8
  2143 | D:1      | Hit by a stone thrown by an orc

Vault maps used:
D:1:      dpeg_arrival_stone_temple_mockup, hangedman_decor_lopped,
          kennysheep_crisscross

Skill      XL: |  1  2  3 |
---------------+----------+-----
Conjurations   | 2 |  2.4
Dodging        | |  1.7
Stealth        | |  1.7
Spellcasting   | |  2.8
Fire Magic     | |  3.7

Action                   |  1- 3 |  4- 6 || total
-------------------------+-------+-------++-------
Melee: Unarmed           |    13 |       ||    13
       Tailslap          |     5 |       ||     5
       Dagger            |    66 |       ||    66
 Cast: Flame Tongue      |    44 |     1 ||    45
  Use: Scroll            |       |     2 ||     2
 Stab: Sleeping          |     1 |       ||     1
  Eat: Chunk             |     4 |       ||     4
Armor: Skin              |    50 |       ||    50
Dodge: Dodged            |   121 |     1 ||   122
Block: Buckler           |     1 |       ||     1
